 Dungeon Crawl Stone Soup version 0.17.1-2-g5865329 (webtiles) character file.

130 Aritmacz the Conjurer (level 4, -8/38 HPs)
             Began as a Draconian Conjurer on Feb 17, 2016.
             Killed by divine providence
             ... invoked by an orc priest
              (13 damage)
             ... on level 3 of the Dungeon.
             The game lasted 00:19:43 (1719 turns).

Aritmacz the Conjurer (Draconian Conjurer)          Turns: 1719, Time: 00:19:43

Health: -8/38      AC:  5    Str: 10    XL:     4   Next: 89%
Magic:  1/9        EV: 13    Int: 16    God:
Gold:   83         SH:  0    Dex: 12    Spells: 1 memorised, 9 levels left

rFire  . . .     SeeInvis .     D - +2 spear (pierce)
rCold  . . .     Clarity  .     (armour unavailable)
rNeg   . . .     SustAt   .     (no shield)
rPois  +         Gourm    .     (helmet restricted)
rElec  .         Spirit   .     (no cloak)
rCorr  .         Warding  .     (no gloves)
rMut   .         Stasis   .     (no boots)
MR     .....                    (no amulet)
Stlth  ++........               (no ring)
                                K - ring of poison resistance

@: not resistant to hostile enchantments, unstealthy
A: unfitting armour, cold-blooded, AC +5
a: no special abilities


You were on level 3 of the Dungeon.
You were not hungry.

You visited 1 branch of the dungeon, and saw 3 of its levels.

You collected 83 gold pieces.

Inventory:

Hand Weapons
 c - a +0 short sword
 d - a +0 dagger
 g - a +0 club
 i - a +0 club
 j - a +0 hunting sling
 l - a +0 hand axe
 m - a +0 dagger
 r - a +0 hand axe
 t - a +0 club
 u - a +0 dagger
 v - a cursed -3 dagger
 x - a cursed +0 club
 z - a cursed -3 club
 B - a +2 flail of crushing
 C - a +0 mace
 D - a +2 spear of piercing (weapon)
 E - a +0 hand axe
 F - a +0 falchion
 G - a +0 whip
 I - a +0 rapier
Missiles
 e - 16 bolts of flame
 h - 2 tomahawks (quivered)
 k - 75 stones
 p - 6 sling bullets of flame
 w - 12 poisoned needles
 y - 24 sling bullets
Armour
 f - a +0 chain mail
 n - a +0 ring mail
 q - a +0 scale mail
 J - a +0 helmet
 N - a +0 chain mail
Jewellery
 K - a ring of poison resistance (left hand)
Scrolls
 s - a scroll of remove curse
 A - a scroll of blinking
Potions
 o - a potion of poison {unknown}
Books
 a - a book of Conjurations

   Spells                             Type                      Level
   a - Magic Dart                     Conjuration                  1
   b - Searing Ray                    Conjuration                  2
   c - Dazzling Spray                 Conjuration/Hexes            3
   d - Fulminant Prism                Conjuration/Hexes            4
   e - Iskenderun's Mystic Blast      Conjuration                  4
   f - Iskenderun's Battlesphere      Conjuration/Charms           5
Comestibles
 b - a bread ration


   Skills:
 + Level 3.2 Fighting
 + Level 2.8 Short Blades
 + Level 2.9(3.5) Axes
 + Level 2.8(3.4) Maces & Flails
 + Level 2.6 Throwing
 + Level 3.6 Dodging
 + Level 3.4 Stealth
 + Level 2.8 Unarmed Combat
 + Level 3.7 Spellcasting
 + Level 6.5 Conjurations


You had 9 spell levels left.
You knew the following spells:

 Your Spells              Type           Power        Failure   Level  Hunger
a - Magic Dart            Conj           ###.         1%          1    None


Dungeon Overview and Level Annotations

Branches:
Dungeon (3/15)

Altars:
Ashenzari
Okawaru
Sif Muna
Zin

Annotations:
D:3 Grinder


Innate Abilities, Weirdness & Mutations

Your plain brown scales are hard (AC +5).
Your body does not fit into most forms of armour.
You are cold-blooded and may be slowed by cold attacks.


Message History

Confirm with . or Enter, or press ? or * to list all spells.
Aiming: Magic Dart
Press: ? - help, Shift-Dir - straight line, f/p - orc priest
Aim: an orc priest, wearing a leather armour (lightly wounded)
The magic dart hits the orc priest.
The orc priest is moderately wounded.
The orc priest casts a cantrip, but nothing happens.
The orc priest hits you.
* * * LOW HITPOINT WARNING * * *
An orc comes into view. It is wielding a mace.
Casting: Magic Dart
Confirm with . or Enter, or press ? or * to list all spells.
Aiming: Magic Dart
Press: ? - help, Shift-Dir - straight line, f/p - orc priest
Aim: an orc priest, wearing a leather armour (moderately wounded)
The magic dart hits the orc priest.
The orc priest is heavily wounded.
The orc priest invokes the aid of Beogh against you.
Something smites you!
You die...

##### ##....#
...... .....+ #....
#....#
#...$##....####
#.............#
##.............####
...................
##.................
#......5..@or.....
#....########oS...
#.... ...oK ##...
.g(. #.. .o. #..
...


You could see Grinder, 2 orc priests, an adder, an orc, a kobold (wandering) and
a rat.

Vanquished Creatures
  3 adders
  An ooze (D:1)
  A worm (D:2)
  3 orcs
  3 giant cockroaches
  6 hobgoblins
  2 jackals (D:1)
  5 kobolds
  A quokka (D:1)
  7 bats
  2 giant geckos
  2 giant newts
  9 goblins
  5 rats
50 creatures vanquished.

Notes
Turn   | Place    | Note
--------------------------------------------------------------
     0 | D:1      | Aritmacz the Draconian Conjurer began the quest for the Orb.
     0 | D:1      | Reached XP level 1. HP: 14/14 MP: 3/3
   197 | D:1      | Reached XP level 2. HP: 7/20 MP: 0/5
   739 | D:1      | Reached XP level 3. HP: 26/26 MP: 4/6
   856 | D:1      | HP: 1/26 [goblin (3)]
   859 | D:1      | Reached skill level 6 in Conjurations
   859 | D:1      | Reached XP level 4. HP: 2/38 MP: 0/9
  1179 | D:2      | Found an iron altar of Okawaru.
  1298 | D:2      | Found a glowing silver altar of Zin.
  1300 | D:2      | Found a shattered altar of Ashenzari.
  1301 | D:2      | Found a deep blue altar of Sif Muna.
  1590 | D:3      | Noticed Grinder
  1719 | D:3      | Killed from afar by an orc priest

Action                   |  1- 3 |  4- 6 || total
-------------------------+-------+-------++-------
Melee: Unarmed           |    27 |     2 ||    29
Throw: Tomahawk          |     4 |       ||     4
 Cast: Magic Dart        |    41 |    57 ||    98
  Use: Scroll            |     1 |     9 ||    10
       Potion            |     1 |     1 ||     2
  Eat: Bread ration      |       |     1 ||     1
